Map: Abyssal Reef LE

Players

Railgan

  • Race: Zerg Zerg
  • League: Grandmaster
  • Spawn Location: 11:00

IIIIIIIIIIII - Winner!

  • Race: Terran Terran
  • League: Grandmaster
  • Spawn Location: 5:00

VOD

Have the link to the VOD?

Description

Time

  • Played on: March 20, 2017, 5:33 p.m.
  • Length: 12:45
Show
View Real Time Build Order
Export as new Build Order

Railgan Zerg 

Build Orders: Pool First 

Get SALT Encoding   

  12  0:01  Drone  
  13  0:12  Overlord  
  13  0:17  Drone  
  14  0:31  Drone x2  
  14  0:35  Drone  
  17  0:45  Spawning Pool  
  17  0:48  Drone  
  17  1:09  Hatchery  
  16  1:11  Drone  
  17  1:18  Drone x2  
  17  1:21  Extractor  
  18  1:34  Roach Warren, Zergling x2  
  18  1:43  Queen  
  18  1:47  Drone  
  21  1:50  Drone  
  22  2:03  Overlord  
  22  2:20  Queen  
  22  2:21  Roach x2  
  28  2:24  Roach  
  30  2:30  Queen  
  30  2:34  Drone  
  33  2:39  Overlord  
  33  2:51  Drone x3  
  35  3:01  Drone x3  
  38  3:08  Overlord  
  38  3:15  Lair  
  38  3:17  Drone  
  38  3:19  Drone  
  40  3:23  Drone  
  41  3:36  Drone x6  
  47  3:43  Overlord  
  47  3:46  Drone  
  47  3:47  Drone x2  
  50  3:49  Extractor  
  50  3:51  Extractor  
  50  3:54  Extractor, Overlord  
  47  3:58  Drone  
  47  4:01  Drone  
  49  4:05  Drone  
  50  4:12  Drone x2  
  50  4:13  Drone  
  53  4:19  Spire  
  53  4:20  Drone x4  
  56  4:27  Overseer  
  53  4:46  Drone x2  
  53  4:47  Drone x7  
  61  4:55  Drone x2  
  63  5:01  Overlord  
  63  5:06  Drone  
  64  5:13  Overlord  
  64  5:22  Hatchery  
  63  5:31  Mutalisk x5  
  73  5:42  Mutalisk  
  72  5:48  Evolution Chamber  
  72  5:49  Evolution Chamber  
  70  5:56  Hydralisk Den, Metabolic Boost  
  69  5:57  Hatchery  
  68  6:10  Drone x11  
  79  6:15  Zerg Missile Weapons Level 1  
  79  6:16  Overseer  
  79  6:19  Overlord  
  79  6:22  Drone  
  79  6:24  Zerg Ground Armor Level 1  
  80  6:35  Extractor  
  80  6:38  Extractor  
  78  6:40  Queen  
  78  6:42  Drone x5  
  85  6:48  Drone  
  85  6:50  Overlord, Muscular Augments  
  86  6:55  Drone x3  
  89  7:09  Hydralisk x6  
  89  7:10  Hydralisk  
  89  7:11  Overlord  
  89  7:15  Overlord, Queen  
  105  7:20  Hydralisk, Overlord  
  106  7:23  Drone  
  106  7:24  Drone x2  
  106  7:28  Hydralisk x2  
  111  7:30  Hydralisk x2  
  111  7:33  Pneumatized Carapace  
  115  7:38  Drone x2  
  117  7:48  Hydralisk x5  
  127  7:54  Overlord  
  127  7:57  Hydralisk  
  127  7:58  Hydralisk x2  
  129  8:04  Overlord x2  
  133  8:09  Overlord  
  133  8:10  Overlord  
  133  8:11  Hydralisk  
  135  8:18  Hydralisk  
  135  8:19  Hydralisk x3  
  143  8:33  Hydralisk x7  
  157  8:37  Overlord  
  157  8:42  Extractor  
  157  8:43  Extractor  
  149  8:53  Hatchery  
  149  8:54  Drone x6  
  144  8:57  Zergling x2  
  144  8:58  Infestation Pit, Zergling x6  
  147  9:04  Drone  
  147  9:06  Zerg Missile Weapons Level 2  
  147  9:08  Zerg Ground Armor Level 2  
  148  9:12  Drone x3  
  151  9:19  Overlord  
  151  9:24  Lurker Den  
  151  9:34  Corruptor x2  
  151  9:36  Corruptor  
  157  9:40  Corruptor  
  157  9:41  Zergling x2  
  160  9:48  Hive  
  160  9:56  Drone  
  160  9:57  Drone x2  
  163  10:01  Hydralisk x5  
  163  10:02  Hydralisk  
  163  10:03  Overlord  
  163  10:04  Zergling x6  
  163  10:05  Zergling x8  
  167  10:18  Corruptor  
  167  10:19  Hydralisk x5  
  164  10:21  Zergling x2  
  164  10:24  Zergling x8  
  168  10:35  Zergling x18  
  175  10:36  Overlord  
  175  10:44  Zergling x8  
  179  11:01  Corruptor  
  179  11:02  Zergling x12  
  187  11:08  Zergling x18  
  159  11:21  Hydralisk  
  159  11:22  Hydralisk x8  
  159  11:23  Zergling x2  
  159  11:25  Hydralisk x2  
  146  11:26  Hydralisk  
  146  11:29  Hydralisk  
  146  11:30  Hydralisk  
  146  11:31  Viper  
  155  11:33  Viper  
  155  11:37  Hydralisk  
  158  11:45  Hydralisk x4  
  146  11:54  Hydralisk  
  146  11:55  Hydralisk x2  
  146  11:59  Zergling x2  
  146  12:00  Zergling x12  
  143  12:15  Hydralisk x5  
  146  12:24  Drone  
Show
View Real Time Build Order
Export as new Build Order

IIIIIIIIIIII Terran - Winner!

Build Orders: Reaper Expand, Bio Tank 

Get SALT Encoding   

  12  0:00  SCV  
  13  0:13  SCV  
  14  0:17  Supply Depot  
  14  0:25  SCV  
  15  0:30  Refinery  
  15  0:39  SCV  
  16  0:45  Barracks  
  16  0:51  SCV  
  17  1:03  SCV  
  18  1:15  SCV  
  19  1:32  Orbital Command  
  19  1:33  Reaper  
  20  1:44  Command Center  
  20  1:56  Factory  
  20  1:59  SCV  
  21  2:07  Barracks Reactor  
  21  2:13  SCV  
  22  2:15  Refinery  
  22  2:19  Supply Depot  
  22  2:25  SCV  
  23  2:40  SCV  
  23  2:42  Starport  
  24  2:48  Hellion x2  
  28  2:58  Barracks Tech Lab  
  28  2:59  SCV  
  28  3:03  Orbital Command  
  30  3:18  Hellion x2  
  32  3:22  SCV  
  32  3:25  Banshee  
  36  3:36  SCV  
  36  3:39  SCV  
  38  3:44  Barracks Tech Lab  
  38  3:48  SCV  
  39  3:52  Supply Depot  
  39  3:56  SCV  
  39  4:00  SCV  
  41  4:04  Marine  
  41  4:05  Stimpack  
  41  4:08  Raven, SCV  
  45  4:12  SCV  
  45  4:16  Supply Depot  
  46  4:20  SCV  
  47  4:24  SCV  
  47  4:26  Command Center  
  47  4:31  Marine  
  49  4:32  SCV  
  49  4:36  SCV  
  49  4:44  SCV  
  48  4:49  SCV  
  47  4:53  Raven  
  47  4:56  SCV  
  47  4:57  Marine  
  49  5:00  Barracks, Factory Reactor  
  49  5:01  SCV  
  49  5:02  Refinery  
  49  5:03  Barracks, Refinery  
  50  5:10  SCV  
  50  5:11  Engineering Bay  
  50  5:13  Engineering Bay  
  51  5:15  Marine, SCV  
  53  5:22  SCV  
  53  5:26  Supply Depot  
  53  5:27  SCV  
  55  5:34  SCV  
  56  5:39  SCV  
  56  5:40  Orbital Command  
  57  5:44  Terran Infantry Armor Level 1, Terran Infantry Weapons Level 1  
  57  5:46  Marine, SCV  
  59  5:51  Starport Reactor, SCV  
  59  5:53  Missile Turret  
  59  5:55  Missile Turret, Marine  
  61  5:58  SCV  
  61  6:02  Marine  
  61  6:03  SCV  
  61  6:04  Marine  
  64  6:05  Siege Tank  
  64  6:09  Combat Shields  
  64  6:10  Missile Turret, Supply Depot, SCV  
  67  6:13  Marine x2  
  67  6:15  Marine  
  70  6:20  Marine  
  70  6:22  Marine  
  70  6:23  Supply Depot  
  72  6:26  SCV x2  
  72  6:27  Supply Depot  
  72  6:28  Orbital Command  
  74  6:35  Marine x3  
  74  6:38  Marine  
  74  6:39  SCV x2  
  80  6:49  Medivac x2  
  80  6:53  Missile Turret, Marine x2  
  84  6:59  Marine x2, Marauder  
  84  7:00  SCV x3  
  91  7:04  Armory  
  91  7:08  Siege Tank  
  91  7:14  SCV x3  
  97  7:16  Supply Depot  
  97  7:21  Marine x2  
  97  7:22  Marine x3  
  100  7:29  Medivac x2  
  106  7:32  Barracks  
  106  7:34  Barracks, SCV  
  107  7:38  SCV  
  107  7:39  Marine x2  
  107  7:47  SCV x2  
  107  7:49  Factory, Refinery  
  107  7:50  Siege Tank, Refinery, SCV  
  113  7:52  Marine x3  
  113  7:55  Supply Depot x2  
  116  8:05  Barracks, Terran Infantry Weapons Level 2  
  116  8:07  Barracks  
  116  8:08  Terran Infantry Armor Level 2  
  116  8:09  Barracks  
  116  8:15  Terran Vehicle Weapons Level 1  
  116  8:20  Medivac  
  116  8:22  Siege Tank  
  116  8:23  Marine  
  116  8:24  Marine x2, Barracks Reactor  
  116  8:25  Marine  
  116  8:26  Marine  
  126  8:28  Marine  
  127  8:37  SCV x2  
  129  8:42  Factory Tech Lab  
  129  8:47  Marine x2, Marauder  
  133  8:49  Barracks Reactor  
  130  8:57  Siege Tank  
  130  8:59  Barracks Tech Lab  
  130  9:00  Barracks Tech Lab  
  133  9:06  Barracks Tech Lab  
  133  9:09  Supply Depot  
  133  9:13  Supply Depot x3  
  133  9:30  Marine x6, Siege Tank x2, Medivac x2  
  133  9:31  Marauder  
  141  9:32  Marine  
  141  9:34  Marine x3  
  141  9:35  Marauder  
  146  9:47  Command Center  
  146  9:48  Marine x6  
  146  9:49  Supply Depot  
  146  9:50  Supply Depot  
  146  9:51  Marauder  
  146  9:52  Marine, Marauder  
  156  9:53  Marauder  
  156  9:55  Marine  
  156  9:56  Marine  
  151  10:00  Medivac x2  
  151  10:02  Siege Tank x2  
  151  10:06  Marine x2  
  163  10:12  Marauder  
  155  10:16  Marine, Marauder  
  155  10:20  Marine x2  
  155  10:21  Marine x2, Marauder x2  
  145  10:29  Marine x2  
  145  10:30  Medivac  
  145  10:34  Siege Tank  
  145  10:35  Medivac  
  158  10:43  Marine  
  158  10:44  Marine x2, Marauder  
  159  10:54  Siege Tank  
  159  10:56  Marine, Marauder  
  165  10:59  Marine x4  
  165  11:01  Marine  
  165  11:04  Barracks Tech Lab  
  170  11:05  Marauder  
  170  11:06  Missile Turret  
  170  11:07  Siege Tank  
  170  11:11  Barracks Tech Lab  
  175  11:15  Medivac  
  157  11:19  Marauder  
  157  11:22  Marine x2, Marauder  
  157  11:25  Marine x3  
  141  11:26  Marine, Marauder, Siege Tank  
  141  11:28  Marine x2  
  152  11:38  Marauder  
  152  11:39  Siege Tank, Marine  
  156  11:40  Marine  
  156  11:41  Marauder  
  156  11:43  Marine  
  161  11:47  Medivac  
  161  11:48  Marine, Marauder  
  159  11:57  Marine  
  159  11:59  Siege Tank  
  155  12:06  Marine, Marauder  
  155  12:07  Marine x3, Marauder  
  155  12:08  Marine x4  
  166  12:11  Siege Tank  
  166  12:15  Marine, Marauder  
  169  12:24  Marine  
  169  12:25  Marine  
Tags
 
Add a new tag
Caveats
  • Supply blocks, unpowered buildings, or Contaminate may cause inaccurate times.
  • Supply counts are checked every 10 seconds.